 Dungeon Crawl Stone Soup version 0.25-a0-975-gcae8493d64 (webtiles) character file.

Game seed: 2615933106580191603, levelgen mode: deterministic

5568 Flugslaktarn the Cleaver (level 10, -3/83 HPs)
             Began as a Barachi Fighter on May 9, 2020.
             Was an Initiate of Gozag.
             Killed from afar by an electric eel (7 damage)
             ... with a bolt of electricity
             ... on level 8 of the Dungeon.
             The game lasted 00:05:08 (9925 turns).

Flugslaktarn the Cleaver (Barachi Fighter)          Turns: 9925, Time: 00:05:08

Health: -3/83      AC: 18    Str: 18    XL:     10   Next: 72%
Magic:  10/10      EV:  6    Int:  9    God:    Gozag
Gold:   722        SH: 11    Dex: 18    Spells: 9/9 levels left

rFire    + . .     SeeInvis .   B - +4 war axe "Raisin" {flame, rF+ Dex+4}
rCold    . . .     Gourm    .   c - +0 kite shield
rNeg     . . .     Faith    .   E - +0 chain mail (curse)
rPois    .         Spirit   .   o - +0 helmet
rElec    .         Reflect  .   f - +1 cloak
rCorr    +         Harm     .   (no gloves)
MR       .....                  (no boots)
Stlth    ..........             l - amulet of the acrobat
HPRegen  0.23/turn              k - ring of resist corrosion
MPRegen  0.12/turn              p - +3 ring of protection

@: gold aura, can't hop, slow
A: +LOS, swims, slowness 1, strong legs 1
a: Hop, Potion Petition, Call Merchant, Bribe Branch, Renounce Religion


You were on level 8 of the Dungeon.
You worshipped Gozag.
Gozag was pleased with you.
You were hungry.

You visited 1 branch of the dungeon, and saw 8 of its levels.
You also visited: Sewer.

You collected 1377 gold pieces.
You spent 584 gold pieces at shops.
You paid 71 gold pieces to Gozag.

Inventory:

Hand Weapons
 a - a +1 war axe
 B - the +4 war axe "Raisin" (weapon) {flame, rF+ Dex+4}
   (You bought it in a shop on level 4 of the Dungeon)

   It has been specially enchanted to burn those struck by it, causing extra
   injury to most foes and up to half again as much damage against particularly
   susceptible opponents.
   Big, fiery blades are also staple armaments of hydra-hunters.
   It affects your dexterity (+4).
   It protects you from fire.
Missiles
 C - 2 throwing nets (quivered)
Armour
 c - a +0 kite shield (worn)
 f - a +1 cloak (worn)
   (You found it on level 2 of the Dungeon)
 o - a +0 helmet (worn)
   (You took it off Robin on level 4 of the Dungeon)
 E - a cursed +0 chain mail (worn)
   (You found it on level 6 of the Dungeon)
Jewellery
 k - a ring of resist corrosion (left hand)
   (You found it on level 5 of the Dungeon)
 l - an amulet of the acrobat (around neck)
   (You found it on level 2 of the Dungeon)
 p - a +3 ring of protection (right hand)
   (You found it on level 5 of the Dungeon)
Wands
 x - a wand of iceblast (10)
   (You found it on level 5 of the Dungeon)
 y - a wand of acid (5)
   (You found it on level 5 of the Dungeon)
Scrolls
 b - a scroll of fog
 j - 3 scrolls of enchant armour
 r - 3 scrolls of identify
 t - 3 scrolls of teleportation
 z - 2 scrolls of blinking
Potions
 d - a potion of degeneration {unknown}
 g - 3 potions of flight
 h - a potion of ambrosia
 i - 3 potions of stabbing
 m - a potion of brilliance
 n - a potion of resistance
 q - 2 potions of curing
 s - a potion of magic
 u - a potion of haste {unknown}
 v - a potion of berserk rage
 w - 2 potions of heal wounds
 A - a potion of invisibility {unknown}
Comestibles
 e - 5 rations


   Skills:
 + Level 9.2 Fighting
 * Level 11.0 Axes
 + Level 9.2 Armour
 + Level 8.4 Shields


You had 9 spell levels left.
You didn't know any spells.
Your spell library was empty.

Dungeon Overview and Level Annotations

Branches:
Dungeon (8/15)             Temple (0/1) D:6           Sewer (visited)
   Lair: D:8-11

Altars:
Fedhas
Gozag
Xom

Shops:
D:4 *?   D:6 %

Annotations:
D:5 1 runed translucent door, zenki's ghost, novice DgEE


Innate Abilities, Weirdness & Mutations

You can be seen from farther away. (+LOS)
You can swim through water.
You cover ground slowly.
You can hop short distances.


Message History

* * * LOW HITPOINT WARNING * * *
You are too injured to fight recklessly!
You are too injured to fight recklessly!
You are too injured to fight recklessly!
You are too injured to fight recklessly!
You are too injured to fight recklessly!
Unknown command.
Hop to where?
Press: ? - help, Dir - move target cursor Boing!
The electric eel is no longer distracted by gold.
The centaur skeleton becomes distracted by the nearby gold, dreaming of imaginary riches.
The electric eel shoots out a bolt of lightning at you!
The bolt of electricity hits you!
* * * LOW HITPOINT WARNING * * *
The electric eel shoots out a bolt of lightning at you!
The bolt of electricity misses the electric eel.
The bolt of electricity hits you!
You die...
Your body crumbles into a pile of gold.

#.(........#
#.$........#
#.(........#
#.(........#
#..$.).....#
####|$########
#.<#)$##
#....#.$$..# ..
#....#(@...#...
#....#.....'....
#....#.....#....
#....#○...<#....
#T...#$....# ....
.≈≈≈≈;;........##
.≈;≈≈;;≈.$......#
≈≈≈Z..≈.....
≈≈≈≈.≈≈≈......


You could see 3 electric eels and a centaur skeleton (unaware).

Vanquished Creatures
  Psyche (D:8)
  A troll (D:8)
  2 hippogriffs
  Sigmund (D:2)
  Eustachio (D:5)
  Menkaure (D:7)
  An orc warrior (D:7)
  4 ice beasts
  A sky beast (D:6)
  4 phantoms
  7 ogres
  4 wolves (D:8)
  5 centaurs
  A big kobold (Sewer)
  5 bullfrogs
  2 scorpions (D:6)
  A water moccasin skeleton (D:6)
  3 wights (D:6)
  An electric eel (D:8)
  A howler monkey (D:4)
  2 crimson imps
  3 bullfrog zombies
  3 jellies (D:7)
  2 bullfrog skeletons
  A centaur zombie (D:7)
  Crazy Yiuf (D:2)
  5 orc priests
  5 hounds
  4 orc wizards
  Ijyb (D:5)
  A centaur skeleton (D:6)
  Jessica (D:2)
  An iguana (D:6)
  8 worker ants
  A hound skeleton (D:5)
  Robin (D:4)
  7 gnolls
  6 adders
  A worm (D:3)
  8 leopard geckos
  27 orcs
  14 giant cockroaches
  15 goblins
  15 hobgoblins
  6 jackals
  6 quokkas
  2 ball pythons
  9 bats
  3 frilled lizards
  2 jackal skeletons (D:6)
  11 kobolds
  A leopard gecko zombie (D:7)
  14 rats
234 creatures vanquished.

Vanquished Creatures (others)
  An orc (D:8)
1 creature vanquished.

Grand Total: 235 creatures vanquished

Notes
Turn   | Place    | Note
-------+----------+-------------------------------------------
     0 | D:1      | Flugslaktarn the Barachi Fighter began the quest for the
                  | Orb.
     0 | D:1      | Reached XP level 1. HP: 18/18 MP: 1/1
   212 | D:1      | Reached XP level 2. HP: 25/25 MP: 2/2
   423 | D:1      | Reached XP level 3. HP: 30/30 MP: 3/3
   432 | D:1      | Reached skill level 3 in Axes
  1475 | D:2      | Noticed Jessica
  1476 | D:2      | Killed Jessica
  1476 | D:2      | Reached XP level 4. HP: 37/37 MP: 4/4
  1519 | D:2      | Found a shimmering altar of Xom.
  1520 | D:2      | Found a shimmering altar of Xom.
  1521 | D:2      | Found a shimmering altar of Xom.
  1523 | D:2      | Found a shimmering altar of Xom.
  1523 | D:2      | Found a shimmering altar of Xom.
  1556 | D:2      | Found a shimmering altar of Xom.
  1579 | D:2      | Noticed Sigmund
  1591 | D:2      | Killed Sigmund
  1591 | D:2      | Reached skill level 4 in Axes
  1591 | D:2      | Reached XP level 5. HP: 10/43 MP: 5/5
  1591 | D:2      | Reached XP level 6. HP: 11/49 MP: 6/6
  1886 | D:2      | Found a runed translucent door.
  1887 | D:2      | Noticed Crazy Yiuf
  2029 | D:2      | Found a shimmering altar of Xom.
  2164 | D:2      | Found a shimmering altar of Xom.
  2397 | D:2      | Killed Crazy Yiuf
  3296 | D:4      | Noticed Robin
  3306 | D:4      | Killed Robin
  3306 | D:4      | Reached skill level 5 in Fighting
  3324 | D:4      | Reached skill level 5 in Axes
  3324 | D:4      | Reached skill level 5 in Armour
  3781 | D:4      | Reached XP level 7. HP: 18/56 MP: 7/7
  4034 | D:4      | Found Fyr Uts's Magic Scroll Shoppe.
  4101 | D:4      | Found an opulent altar of Gozag.
  4228 | D:4      | Became a worshipper of Gozag Ym Sagoz the Greedy
  4326 | D:4      | Found Layr Yci's General Store.
  4459 | D:4      | Reached skill level 5 in Shields
  4671 | D:4      | Reached skill level 6 in Axes
  5355 | D:5      | Entered Level 5 of the Dungeon
  5414 | D:5      | Found a glowing drain.
  5427 | D:5      | Reached XP level 8. HP: 54/64 MP: 8/8
  5463 | Sewer    | Entered a sewer
  5656 | Sewer    | Found a white marble altar of Elyvilon.
  5870 | D:5      | Reached skill level 7 in Axes
  6101 | D:5      | Noticed Ijyb
  6112 | D:5      | Killed Ijyb
  6189 | D:5      | Noticed Eustachio
  6221 | D:5      | Killed Eustachio
  6478 | D:5      | Noticed zenki's ghost (novice DgEE)
  6482 | D:5      | Found a runed translucent door.
  7069 | D:4      | Bought the +4 war axe "Raisin" {flame, rF+ Dex+4} for 584
                  | gold pieces
  7170 | D:6      | Reached skill level 8 in Axes
  7170 | D:6      | Reached XP level 9. HP: 72/72 MP: 9/9
  7311 | D:6      | Found a staircase to the Ecumenical Temple.
  7653 | D:6      | Found Beeruny's Food Emporium.
  7799 | D:6      | Found a blossoming altar of Fedhas.
  8014 | D:6      | Reached skill level 9 in Axes
  8080 | D:7      | Noticed Menkaure
  8093 | D:7      | Killed Menkaure
  8708 | D:7      | Reached XP level 10. HP: 75/80 MP: 10/10
  8819 | D:7      | Reached skill level 10 in Axes
  9898 | D:8      | Noticed Psyche
  9904 | D:8      | Killed Psyche
  9918 | D:8      | Reached skill level 11 in Axes
  9925 | D:8      | HP: 4/83 [electric eel/bolt of electricity (12)]
  9925 | D:8      | Killed from afar by an electric eel

Illustrated notes

Levels and vault maps discovered:
D:1:      tarquinn_simple_flora_water_e, layout_basic, serial_curves,
          eino_curves_03, eino_curves_04, minmay_statues_item,
          hangedman_decor_peaks_small, hangedman_decor_diamond_cutter,
          minmay_pentomino_t2
D:2:      layout_loops_corners, hex_medium, hangedman_feature_mirror,
          xom_redecorated, uniq_jessica, uniq_crazy_yiuf_cottage, uniq_sigmund
D:3:      layout_loops_ring, minmay_crystal_water
D:4:      layout_loops_corners, lemuel_coloured_pillars_altar, serial_shops,
          kennysheep_mini, kennysheep_mini_moat, uniq_robin
D:5:      layout_loops_ring, gup_sewer_entry_glass, first_ration,
          hellmonk_ghost_happy_afterlife, uniq_eustachio, uniq_ijyb
D:6:      layout_gridville, temple_doors_e, serial_shops, shop, fedhas_altar_3
D:7:      layout_loops_ring, uniq_menkaure
D:8:      layout_gridville, erik_lair_island, serial_shops, shop,
          gammafunk_ghost_abyssal_escape, grunt_pizzeria, uniq_psyche

Skill      XL: |  1  2  3  4  5  6  7  8  9 10 |
---------------+-------------------------------+-----
Axes           | 3 4 5 6 8 9 11 | 11.0
Fighting       | 4 5 7 8 9 |  9.2
Armour         | 4 5 6 8 9 |  9.2
Shields        | 4 5 6 7 8 |  8.4

Action                   |  1- 3 |  4- 6 |  7- 9 | 10-12 || total
-------------------------+-------+-------+-------+-------++-------
Melee: War axe           |   152 |   165 |   398 |   115 ||   830
 Abil: Hop               |       |       |     1 |     1 ||     2
Evoke: Wand              |       |       |     1 |     6 ||     7
  Use: Potion            |       |     1 |     1 |       ||     2
       Scroll            |       |     4 |    11 |       ||    15
 Stab: Distracted        |       |       |     1 |     2 ||     3
  Eat: Chunk             |     3 |     8 |     1 |       ||    12
       Ration            |       |       |     5 |     1 ||     6
Armor: Scale mail        |    88 |    52 |   138 |       ||   278
       Chain mail        |       |       |    28 |    50 ||    78
Dodge: Dodged            |    62 |    69 |    98 |    46 ||   275
Block: Kite shield       |    90 |    85 |   189 |    57 ||   421

Table legend:
 A = Non-vault XP
 B = Vault XP
 C = Vault XP percentage of total XP
 D = Non-vault monster count
 E = Vault monster count
 F = Vault count percentage of total count
                 A         B        C        D         E       F
            +---------+---------+-------+---------+---------+-------
      Total |    5824 |    2131 |  26.8 |     190 |      44 |  18.8
            +---------+---------+-------+---------+---------+-------
        D:1 |      55 |       3 |   5.2 |      33 |       2 |   5.7
        D:2 |      29 |     301 |  91.2 |      18 |       5 |  21.7
        D:3 |      62 |       0 |   0.0 |      17 |       0 |   0.0
        D:4 |     645 |      36 |   5.3 |      27 |      12 |  30.8
        D:5 |     830 |     253 |  23.4 |      23 |       7 |  23.3
        D:6 |    1192 |       0 |   0.0 |      24 |       0 |   0.0
        D:7 |    1545 |     172 |  10.0 |      31 |       1 |   3.1
        D:8 |    1466 |    1258 |  46.2 |      17 |       8 |  32.0
      Sewer |       0 |     108 | 100.0 |       0 |       9 | 100.0
            +---------+---------+-------+---------+---------+-------
